 Dungeon Crawl Stone Soup version 0.28-a0-1493-g08698888e4 (webtiles) character file.

Game seed: 1851686320905804349

1 murtidash the Sneak (level 1, 19/19 HPs)
             Began as a Draconian Delver on Jan 13, 2022.
             Quit the game on level 5 of the Dungeon.
             The game lasted 00:01:05 (271 turns).

murtidash the Sneak (Draconian Delver)               Turns: 271, Time: 00:01:05

Health: 19/19      AC:  4    Str: 14    XL:     1   Next: 16%
Magic:  1/1        EV: 12    Int: 10    God:
Gold:   0          SH:  0    Dex: 12    Spells: 0/0 levels left

rFire   . . .      SeeInvis .   a - +0 hand axe
rCold   . . .      Faith    .   (no shield)
rNeg    . . .      Spirit   .   (armour unavailable)
rPois   .          Reflect  .   (helmet restricted)
rElec   .          Harm     .   (no cloak)
rCorr   .          Rampage  .   (no gloves)
Will    .....                   (no boots)
Stlth   +++.......              (no amulet)
HPRegen 0.06/turn               (no ring)
MPRegen 0.07/turn               (no ring)

@: no status effects
A: AC +4, unfitting armour, cold-blooded
a: no special abilities


You were on level 5 of the Dungeon.
You visited 1 branch of the dungeon, and saw 1 of its levels.

Inventory:

Hand Weapons
 a - a +0 hand axe (weapon)
Wands
 f - a wand of digging (3)
Scrolls
 b - a scroll of fog
 c - a scroll of magic mapping {!r}
 d - a scroll of fear
Potions
 e - a potion of haste
 g - a potion of might {unknown}


   Skills:
 + Level 3.3 Fighting
 + Level 2.0 Axes
 + Level 1.8 Dodging
 - Level 4.5 Stealth


You couldn't memorise any spells.
You didn't know any spells.
Your spell library was empty.

Dungeon Overview and Level Annotations

Branches:
Dungeon (5/15)
 Temple: D:4-7

Altars:


Innate Abilities, Weirdness & Mutations

Your plain brown scales are hard. (AC +4)
You cannot fit into any form of body armour.
You are cold-blooded and may be slowed by cold attacks.


Message History

Options error: Bad channel -- pray (~/.crawlrc:3858) Options error: Bad channel -- food (~/.crawlrc:3861) Options error: Bad channel -- rotten_meat (~/.crawlrc:3878) Options error: Bad object type '%}\|' for autopickup. (~/.crawlrc:6568) Welcome, murtidash the Draconian Delver.
It is said that the Orb of Zot exists deep within this dungeon.
Found 21 gold pieces and a whip.
Found a stone staircase leading down.
Lua error: attempt to yield across metamethod/C-call boundary You open the door.
There is an open door here.
You open the door.
There is an open door here.
g - a red potion You open the door.
There is an open door here.
You open the door.
You see here a +0 hunting sling.
As you open the door, it creaks loudly!
You open the door.
There is an open door here.
There is an open door here.
You open the door.
There is an open door here.
As you open the door, it creaks loudly!
There is an open door here.
A centaur zombie comes into view.
A quokka comes into view.
The quokka bites you but does no damage.
The quokka bites you but does no damage.
The quokka bites you but does no damage.
You closely miss the quokka.
The quokka bites you but does no damage.
The quokka misses you.
You closely miss the quokka. The quokka closely misses you.
You hit the quokka but do no damage.
Your tail-slap misses the quokka.
The quokka barely misses you. The quokka misses you.
You closely miss the quokka.
You tail-slap the quokka, but do no damage.
The quokka bites you.
You take 2 damage, and have 17/19 hp.
You hit the quokka but do no damage. The quokka bites you.
You take 1 damage, and have 16/19 hp.
You hit the quokka. You tail-slap the quokka. The quokka barely misses you.
The quokka closely misses you.
You hit the quokka.
You kill the quokka!
You open the door.
There is an open door here.
A black bear comes into view.
Health restored: 19 Unknown command.

# #....#...#...# #
#....#...#...# #
#....#...#...#
#....#..######
#....#..##...#
#....#.......#
#....#.......#
#....#.......#
#....#....@..#
#....#..##...#
#....#+###...#
###..?...#...# ...#
#......#...# ...+
#....$.#...# ..(#
#......#...#
...#+##+#......#####
...........##+#..


There were no monsters in sight!

Vanquished Creatures
  A quokka (D:5)
1 creature vanquished.

Notes
Turn   | Place    | Note
-------+----------+-------------------------------------------
     0 | D:5      | murtidash the Draconian Delver began the quest for the Orb.
     0 | D:5      | Reached XP level 1. HP: 19/19 MP: 1/1
   252 | D:5      | Noticed a black bear
   271 | D:5      | Quit the game

Illustrated notes

Levels and vault maps discovered:
D:5:      layout_gridville, uniq_blork_the_orc, uniq_pikel

Action                   || total
-------------------------++-------
Melee: Hand axe          ||     7
       Tailslap          ||     2
Armor: Skin              ||     4
Dodge: Dodged            ||     6

Table legend: (Time is in decaauts)
 A = Elapsed time spent in this place.
 B = Non-inter-level travel time spent in this place.
 C = Inter-level travel time spent in this place.
 D = Time resting spent in this place.
 E = Time spent auto-exploring this place.
 F = Levels seen in this place.
 G = Mean time per level.
                   A        B        C        D        E       F      G
               +--------+--------+--------+--------+--------+-----+--------+
         Total |    272 |    272 |      0 |      0 |      0 |   1 |  272.0 |
       Dungeon |    272 |    272 |      0 |      0 |      0 |   1 |  272.0 |
               +--------+--------+--------+--------+--------+-----+--------+

Top non-repeatable levels by time:
     D:5: 272 daAuts

Table legend:
 A = Kills in this place as a percentage of kills in entire the game.
 B = Kills by you in this place as a percentage of kills by you in the entire game.
 C = Kills by friends in this place as a percentage of kills by friends in the entire game.
 D = Other kills in this place as a percentage of other kills in the entire game.
 E = Experience gained in this place as a percentage of experience gained in the entire game.
 F = Experience gained in this place divided by the number of levels of this place that you have seen.
                   A       B       C       D       E      F
               +-------+-------+-------+-------+-------+----------------------
         Total | 100.0 | 100.0 |   N/A |   N/A | 100.0 |   2.0
       Dungeon | 100.0 | 100.0 |   N/A |   N/A | 100.0 |   2.0
               +-------+-------+-------+-------+-------+----------------------
